 Dungeon Crawl Stone Soup version 0.25-a0-544-gee0576305d (webtiles) character file.

Game seed: 10268642246813729578, levelgen mode: classic

16131 EnegeticOcto the Pandemonic (level 12, -14/114 HPs)
             Began as a Deep Dwarf Fighter on Feb 20, 2020.
             Was a High Priest of Makhleb.
             Killed from afar by Psyche (23 damage)
             ... with a bolt of acid
             ... on level 11 of the Dungeon.
             The game lasted 00:06:45 (6529 turns).

EnegeticOcto the Pandemonic (Deep Dwarf Fighter)    Turns: 6529, Time: 00:06:45

Health: -14/114    AC:  8    Str: 24    XL:     12   Next: 7%
Magic:  9/9        EV: 13    Int: 10    God:    Makhleb [*****.]
Gold:   561        SH: 18    Dex: 17    Spells: 11/11 levels left

rFire    . . .     SeeInvis +   F - +1 war axe (freeze)
rCold    . . .     Gourm    .   y - +0 tower shield
rNeg     . . .     Faith    .   I - +2 chain mail {MR+}
rPois    .         Spirit   .   s - +0 helmet
rElec    .         Reflect  .   (no cloak)
rCorr    .         Harm     +   (no gloves)
MR       +++..                  b - +1 pair of boots
Stlth    ..........             B - amulet of harm
HPRegen  0.00/turn              K - ring of see invisible
MPRegen  0.11/turn              i - ring of protection from magic

@: agile, corroded, non-regenerating
A: damage resistance, heal wounds, sense surroundings 2, no regeneration
a: Heal Wounds, Minor Destruction, Lesser Servant of Makhleb, Major Destruction,
Greater Servant of Makhleb, Renounce Religion


You were on level 11 of the Dungeon.
You worshipped Makhleb.
Makhleb was extremely pleased with you.
You were hungry.

You visited 2 branches of the dungeon, and saw 12 of its levels.

You collected 561 gold pieces.

Inventory:

Hand Weapons
 F - a +1 war axe of freezing (weapon)
Missiles
 x - 5 throwing nets (quivered)
Armour
 b - a +1 pair of boots (worn)
 s - a +0 helmet (worn)
 y - a +0 tower shield (worn)
 I - a +2 chain mail of magic resistance (worn)
Jewellery
 a - an uncursed ring of poison resistance
 i - a ring of protection from magic (right hand)
 B - an amulet of harm (around neck)
 K - a ring of see invisible (left hand)
Wands
 h - a wand of acid (1) {@v1}
 A - a wand of polymorph (17)
 D - a wand of clouds (3)
 J - a wand of paralysis (5)
Scrolls
 d - 3 scrolls of amnesia
 g - 3 scrolls of fear
 l - 2 scrolls of enchant weapon
 n - 2 scrolls of immolation {@r4}
 o - 8 scrolls of teleportation {@r2}
 p - 3 scrolls of remove curse {@r6}
 t - a scroll of identify {@r1}
 C - a scroll of acquirement {unknown}
 G - a scroll of enchant armour
Potions
 c - 2 potions of curing {@q1}
 f - 2 potions of mutation
 j - a potion of stabbing {@q5}
 k - a potion of might {@q3}
 m - a potion of resistance {@q6}
 q - 3 potions of heal wounds {@q2}
 r - a potion of berserk rage
 u - a potion of flight
 v - 2 potions of magic
 w - 2 potions of lignification {@q7}
 z - a potion of degeneration
Comestibles
 e - 17 rations


   Skills:
 * Level 9.2 Fighting
 * Level 10.7 Axes
 + Level 8.1 Armour
 - Level 4.1 Dodging
 * Level 10.1 Shields
 * Level 11.1 Invocations


You had 11 spell levels left.
You didn't know any spells.
Your spell library was empty.

Dungeon Overview and Level Annotations

Branches:
Dungeon (11/15)            Temple (1/1) D:4            Lair (0/6) D:10
    Orc (0/2) D:10

Altars:
Ashenzari
Cheibriados
Fedhas
Gozag
Hepliaklqana
Makhleb
Nemelex Xobeh
Okawaru
Qazlal
Sif Muna
Uskayaw
Vehumet
Wu Jian
Yredelemnul
Zin

Annotations:
D:5 3 runed translucent doors, Goblin1989's ghost, novice GrFi
D:8 1 runed translucent door
D:10 exclusion: oklob plant
D:11 Psyche


Innate Abilities, Weirdness & Mutations

You are resistant to damage.
You can heal yourself by infusing magical energy.
You passively map the area around you.
You do not regenerate.


Message History

No target in view!
No target in view!
No target in view!
No target in view!
No target in view!
No target in view!
No target in view!
You open the door.
There is an open door here.
You open the large door.
A hippogriff and a sky beast come into view.
The hippogriff screeches!
Found a scroll of remove curse and 22 stones.
There are monsters nearby!
Found a sharpened bone wand.
There is a large open door here.
There are monsters nearby!
You block the hippogriff's attack. x2
The hippogriff claws you but does no damage.
Your shield and chain mail prevent you from hitting the hippogriff.
You block the hippogriff's attack.
The hippogriff pecks you but does no damage.
The hippogriff claws you but does no damage.
The sky beast flickers out of sight for a moment.
You slice the hippogriff!! You freeze the hippogriff.
The hippogriff is severely wounded.
You slash the sky beast! You freeze the sky beast!
You block the hippogriff's attack.
The hippogriff pecks you but does no damage.
You block the hippogriff's attack. You block the sky beast's attack.
You miss the sky beast.
The sky beast is almost dead.
You slash the hippogriff! You freeze the hippogriff.
You kill the hippogriff!
Makhleb accepts your kill.
You feel better. The sky beast hits you. The sky beast shocks you.
You slash the sky beast! You freeze the sky beast.
You kill the sky beast!
Makhleb accepts your kill.
No target in view!
No target in view!
No target in view!
No target in view!
No target in view!
No target in view!
No target in view!
p - 3 scrolls of remove curse {@r6} (gained 1)
D - a wand of clouds (3)
Found an escape hatch in the floor.
Psyche the Insane Magess comes into view.
She is wielding a +3 dagger of chaos and carrying a wand of acid (12).
Psyche shouts!
Psyche is nearby!
Psyche is nearby!
A cyclops comes into view.
Psyche mumbles some strange words.
Psyche seems to speed up.
The cyclops shouts!
You block Psyche's attack. x2
You slash Psyche! You freeze Psyche.
Psyche is severely wounded.
Psyche zaps a wand.
The bolt of acid hits you but does no damage.
The acid corrodes you!
You are splashed with acid!
Psyche hits you but does no damage.
You feel agile all of a sudden.
Your shield and chain mail prevent you from hitting Psyche.
Psyche is severely wounded.
Psyche zaps a wand.
The bolt of acid hits you! The acid corrodes you!
You are splashed with acid.
Psyche casts a spell at you. The puff of flame misses you.
You hit Psyche but do no damage.
Psyche is severely wounded.
Psyche zaps a wand.
The bolt of acid misses you. Psyche hits you but does no damage.
Your shield and chain mail prevent you from hitting Psyche.
Psyche is severely wounded.
Psyche misses you. You block Psyche's attack.
You hit Psyche but do no damage.
Psyche is severely wounded.
You slash the cyclops! You freeze the cyclops!
Psyche zaps a wand.
The bolt of acid hits you!!
You are splashed with acid!
Psyche zaps a wand.
The bolt of acid hits you! The acid corrodes you!
You are splashed with acid!
* * * LOW HITPOINT WARNING * * *
You block the cyclops's attack.
You are too injured to fight recklessly!
You are too injured to fight recklessly!
You are too injured to fight recklessly!
You are too injured to fight recklessly!
You are too injured to fight recklessly!
You are too injured to fight recklessly!
You fail to use your ability.
You block Psyche's attack. Psyche casts a spell at you.
The puff of flame hits you!
* * * LOW HITPOINT WARNING * * *
The cyclops hits you!
* * * LOW HITPOINT WARNING * * *
You block Psyche's attack.
Psyche zaps a wand.
The bolt of acid hits you!!
You die...

*, , , ,
...................
, ,
...................
, , *
######.########...
, , * #.# ..., , ,
#.# ,.., ,, * #.# *
* ,* #.# * ,,
#.#######* ,
#@....... ,, , , *
#........ ,
#@......# * * , *
#.C###### ,* ,
*#..# , , * ,* *,
...# , *, * * ,
...# ,, ,* , , * *
....+ , , , , ....#
*


You could see a cyclops and Psyche.

Vanquished Creatures
  Fannar (D:10)
  Erica (D:8)
  A centaur warrior (D:9)
  4 two-headed ogres
  An unseen horror (D:10)
  A deep elf mage (D:10)
  Joseph (D:8)
  Prince Ribbit (D:6)
  Grinder (D:4)
  3 hippogriffs
  A shadow (D:9)
  A wyvern (D:9)
  6 yaks (D:9)
  An acid dragon (D:9)
  Menkaure (D:4)
  2 water moccasins
  Duvessa (D:7)
  9 orc warriors
  7 sky beasts
  3 phantoms
  2 ice beasts
  11 ogres
  6 centaurs
  2 big kobolds (D:6)
  9 bullfrogs
  A wyvern zombie (D:10)
  A wyvern skeleton (D:9)
  5 scorpions
  Dowan (D:7)
  3 killer bees (D:8)
  A howler monkey (D:6)
  7 electric eels (D:8)
  5 crimson imps
  A centaur zombie (D:9)
  A gnoll shaman (D:6)
  6 hounds
  3 jellies
  9 orc priests
  A centaur skeleton (D:5)
  2 iguanas
  A bullfrog skeleton (D:7)
  Natasha (twice) (D:4)
  13 orc wizards
  11 worker ants
  2 hound skeletons
  13 gnolls (D:6)
  14 adders
  4 shadow imps
  An ooze (D:4)
  2 adder zombies
  An adder skeleton (D:4)
  4 worms
  2 leopard geckos
  50 orcs
  A ball python (D:4)
  4 giant cockroaches
  2 goblins
  5 hobgoblins
  8 jackals
  11 kobolds
  5 quokkas
  5 bats
  2 frilled lizards
  A leopard gecko skeleton (D:6)
  2 quokka skeletons
  A rat (D:2)
291 creatures vanquished.

Vanquished Creatures (collateral kills)
  Harold (D:9)
  An orc knight (D:9)
  A wraith (D:9)
  A hungry ghost (D:9)
  A black bear (D:9)
5 creatures vanquished.

Vanquished Creatures (others)
  A crimson imp (D:8)
  A plant (D:8)
2 creatures vanquished.

Grand Total: 298 creatures vanquished

Notes
Turn   | Place    | Note
-------+----------+-------------------------------------------
     0 | D:1      | EnegeticOcto the Deep Dwarf Fighter began the quest for the
                  | Orb.
     0 | D:1      | Reached XP level 1. HP: 20/20 MP: 1/1
   135 | D:2      | Reached XP level 2. HP: 27/27 MP: 2/2
   277 | D:2      | Reached XP level 3. HP: 32/34 MP: 2/2
   305 | D:2      | Reached skill level 1 in Dodging
   415 | D:3      | Reached XP level 4. HP: 38/42 MP: 3/3
   599 | D:4      | Noticed Grinder
   613 | D:4      | Killed Grinder
   613 | D:4      | Reached XP level 5. HP: 32/50 MP: 4/4
   613 | D:4      | Reached XP level 6. HP: 36/57 MP: 5/5
   719 | D:4      | Noticed Menkaure
   730 | D:4      | Killed Menkaure
   780 | D:4      | Found a staircase to the Ecumenical Temple.
   847 | D:4      | Reached XP level 7. HP: 65/66 MP: 6/6
   880 | Temple   | Entered the Ecumenical Temple
   890 | Temple   | Became a worshipper of Makhleb the Destroyer
   965 | D:4      | Reached skill level 5 in Axes
   965 | D:4      | Reached skill level 1 in Invocations
  1030 | D:4      | Noticed Natasha
  1041 | D:4      | Killed Natasha
  1141 | D:4      | Noticed Natasha
  1147 | D:4      | Killed Natasha
  1156 | D:5      | Entered Level 5 of the Dungeon
  1295 | D:5      | Found a sparkling altar of Nemelex Xobeh.
  1296 | D:5      | Found a basalt altar of Yredelemnul.
  1297 | D:5      | Found a snail-covered altar of Cheibriados.
  1369 | D:5      | Reached skill level 2 in Invocations
  1390 | D:5      | Got a translucent glass ring
  1440 | D:5      | Identified the cursed ring "Fur Was" {Str+3 Int-2 Dex+4}
                  | (You found it on level 5 of the Dungeon)
  1477 | D:5      | Reached skill level 5 in Fighting
  1508 | D:5      | Reached skill level 3 in Invocations
  1623 | D:5      | Found a runed translucent gate.
  1623 | D:5      | Found a runed translucent gate.
  1624 | D:5      | Noticed Goblin1989's ghost (novice GrFi)
  1625 | D:5      | Found a runed translucent gate.
  1722 | D:6      | Reached XP level 8. HP: 56/74 MP: 8/8
  1738 | D:6      | Reached skill level 5 in Shields
  1773 | D:6      | Reached skill level 5 in Armour
  1774 | D:6      | Reached * piety under Makhleb
  1789 | D:6      | Reached skill level 4 in Invocations
  1945 | D:6      | Reached skill level 5 in Invocations
  1977 | D:6      | Gained mutation: You passively map the area around you.
                  | [Deep Dwarf growth]
  1977 | D:6      | Reached XP level 9. HP: 82/82 MP: 8/10
  2032 | D:6      | Noticed Prince Ribbit
  2106 | D:6      | Reached ** piety under Makhleb
  2127 | D:6      | Reached skill level 6 in Invocations
  2288 | D:6      | Found an opulent altar of Gozag.
  2317 | D:6      | Found a shattered altar of Ashenzari.
  2593 | D:6      | Killed Prince Ribbit
  2695 | D:7      | Noticed Duvessa
  2696 | D:7      | Noticed Dowan
  2706 | D:7      | Killed Dowan
  2712 | D:7      | Killed Duvessa
  2755 | D:7      | Reached skill level 7 in Invocations
  3149 | D:7      | Found a shattered altar of Ashenzari.
  3151 | D:7      | Found a shimmering blue altar of Sif Muna.
  3166 | D:7      | Found a glowing silver altar of Zin.
  3465 | D:8      | Reached XP level 10. HP: 84/94 MP: 12/12
  3485 | D:8      | Noticed Erica
  3495 | D:8      | Killed Erica
  3530 | D:8      | Reached *** piety under Makhleb
  3541 | D:8      | Found a runed translucent door.
  3541 | D:8      | Noticed a manticore
  3541 | D:8      | Noticed a centaur warrior
  3543 | D:8      | Noticed a deep elf archer
  3543 | D:8      | Noticed a deep troll
  3543 | D:8      | Noticed an eight-headed hydra
  3690 | D:8      | Noticed Joseph
  3731 | D:8      | Killed Joseph
  3731 | D:8      | Reached skill level 8 in Invocations
  4121 | D:8      | Noticed a two-headed ogre
  4139 | D:8      | Killed a two-headed ogre
  4255 | D:8      | Reached skill level 9 in Invocations
  4697 | D:9      | Reached **** piety under Makhleb
  4851 | D:9      | Noticed an orc knight
  4876 | D:9      | Killed an orc knight
  4876 | D:9      | Reached XP level 11. HP: 63/103 MP: 7/9
  4927 | D:9      | Noticed Harold
  4944 | D:9      | Killed Harold
  4969 | D:9      | Identified the +4 falchion of the Empty Page {protect, +Inv
                  | rN+ Int+3 Dex-2}
  4972 | D:9      | Identified the +5 falchion "Goblinbane" {speed, Str+6
                  | Dex-4}
  5019 | D:9      | Noticed a two-headed ogre
  5021 | D:9      | Noticed a centaur warrior
  5040 | D:9      | Killed a centaur warrior
  5047 | D:9      | Killed a two-headed ogre
  5047 | D:9      | Reached skill level 10 in Invocations
  5179 | D:9      | Noticed a two-headed ogre
  5189 | D:9      | Killed a two-headed ogre
  5189 | D:9      | Reached skill level 10 in Axes
  5629 | D:10     | Entered Level 10 of the Dungeon
  5652 | D:10     | Noticed an unseen horror
  5664 | D:10     | Found a staircase to the Lair.
  5664 | D:10     | Noticed an oklob plant
  5691 | D:10     | Reached ***** piety under Makhleb
  5856 | D:10     | Noticed Fannar
  5898 | D:10     | Killed Fannar
  5910 | D:10     | Noticed a two-headed ogre
  5919 | D:10     | Killed a two-headed ogre
  5927 | D:10     | Noticed a deep elf mage
  5942 | D:10     | Killed a deep elf mage
  5942 | D:10     | Reached skill level 10 in Shields
  5962 | D:10     | Killed an unseen horror
  5962 | D:10     | Reached skill level 11 in Invocations
  5962 | D:10     | Reached XP level 12. HP: 76/114 MP: 9/9
  6094 | D:10     | Found a staircase to the Orcish Mines.
  6518 | D:11     | Noticed Psyche
  6529 | D:11     | Killed from afar by Psyche

Levels and vault maps discovered:
D:1:      giann_wishing_wells, layout_rooms
D:2:      kb_forest_paths, layout_basic, chequers_ecumenical_altar_island,
          serial_park_tiny_1, minmay_misc_feat_five
D:3:      layout_loops_ring, lightli_corner_chamber
D:4:      layout_rooms, minmay_temple_entry_grid, first_ration,
          grunt_decor_arrowhead, uniq_menkaure, uniq_grinder, uniq_natasha
D:5:      layout_basic, gammafunk_temple_overflow_claw,
          ebering_ghost_rock_garden, minmay_statues_item, corexii_shack
D:6:      kennysheep_housing_project, layout_rooms, basic_altar,
          cheibrodos_ashenzari_chains, uniq_prince_ribbit1
D:7:      layout_basic, minitemple, uniq_duvessa
D:8:      minmay_gate_of_8, layout_loops_corners, serial_bayou,
          serial_bayou_shore_a, serial_bayou_lagoon_a, serial_bayou_ford_a,
          serial_bayou_pond_b, uniq_erica, uniq_joseph
D:9:      minmay_the_grid_3x2 [minmay_the_grid_tiny_cups,
          minmay_the_grid_large_cup, minmay_the_grid_armoury,
          minmay_the_grid_mess, minmay_the_grid_expand,
          minmay_the_grid_prize_four_corners_diamond_a], layout_long_grid,
          uniq_harold
D:10:     layout_gridville, dpeg_oklobed_lair, david_orc_2, uniq_fannar
D:11:     layout_irregular_city, hangedman_little_slice_of_home, uniq_maurice,
          uniq_psyche, uniq_nergalle
Temple:   lightli_temple_of_artemis

Skill      XL: |  1  2  3  4  5  6  7  8  9 10 11 |
---------------+----------------------------------+-----
Fighting       | 3 4 5 6 7 8 9 |  9.2
Axes           | 3 4 5 6 8 9 10 | 10.7
Dodging        | 1 2 3 4 |  4.1
Armour         | 4 5 6 7 8 |  8.1
Shields        | 4 5 7 8 10 | 10.1
Invocations    | 3 5 7 9 11 | 11.1

Action                   |  1- 3 |  4- 6 |  7- 9 | 10-12 || total
-------------------------+-------+-------+-------+-------++-------
Melee: War axe           |   102 |   113 |   451 |   504 ||  1170
       Unarmed           |       |       |       |    18 ||    18
Invok: Lesser Servant of |       |       |       |     3 ||     3
 Abil: Heal Wounds       |     2 |     5 |    19 |    44 ||    70
Evoke: Wand              |       |       |       |     6 ||     6
  Use: Scroll            |       |       |    17 |     7 ||    24
  Eat: Chunk             |       |     1 |     6 |    12 ||    19
       Ration            |       |       |     1 |       ||     1
Armor: Scale mail        |    45 |    42 |       |       ||    87
       Chain mail        |       |     2 |   203 |    77 ||   282
       Plate armour      |       |       |       |    61 ||    61
Dodge: Dodged            |    28 |    31 |   115 |    81 ||   255
Block: Kite shield       |    69 |    67 |   143 |       ||   279
       Tower shield      |       |       |   237 |   421 ||   658

Table legend:
 A = Non-vault XP
 B = Vault XP
 C = Vault XP percentage of total XP
 D = Non-vault monster count
 E = Vault monster count
 F = Vault count percentage of total count
                 A         B        C        D         E       F
            +---------+---------+-------+---------+---------+-------
      Total |   11233 |   11812 |  51.3 |     209 |      88 |  29.6
            +---------+---------+-------+---------+---------+-------
        D:1 |       3 |       0 |   0.0 |       2 |       0 |   0.0
        D:2 |      74 |      12 |  14.0 |      13 |       5 |  27.8
        D:3 |      73 |       0 |   0.0 |      13 |       0 |   0.0
        D:4 |     385 |     459 |  54.4 |      17 |       3 |  15.0
        D:5 |     416 |       2 |   0.5 |      14 |       1 |   6.7
        D:6 |    1190 |    1283 |  51.9 |      25 |      31 |  55.4
        D:7 |    1297 |     215 |  14.2 |      30 |       2 |   6.2
        D:8 |    1908 |    2144 |  52.9 |      40 |       4 |   9.1
        D:9 |    2269 |    6634 |  74.5 |      30 |      33 |  52.4
       D:10 |    3126 |    1063 |  25.4 |      22 |       9 |  29.0
       D:11 |     492 |       0 |   0.0 |       3 |       0 |   0.0
            +---------+---------+-------+---------+---------+-------
